 Dungeon Crawl Stone Soup version 0.21.1-1-g345015f (webtiles) character file.

452 xccam the Cudgeler (level 7, -3/52 HPs)
             Began as a Formicid Fighter on Mar 30, 2018.
             Killed by Freeze
             ... invoked by Verendum's ghost
              (11 damage)
             ... on level 4 of the Dungeon.
             The game lasted 00:05:39 (3328 turns).

xccam the Cudgeler (Formicid Fighter)               Turns: 3328, Time: 00:05:39

Health: -3/52      AC:  9    Str: 22    XL:     7   Next: 26%
Magic:  7/7        EV:  8    Int:  8    God:
Gold:   122        SH: 10    Dex: 10    Spells: 6/6 levels left

rFire    . . .     SeeInvis +   a - +0 flail
rCold    . . .     Gourm    .   c - +0 shield
rNeg     . . .     Faith    .   b - +0 scale mail
rPois    .         Spirit   .   (helmet unavailable)
rElec    .         Reflect  .   (no cloak)
rCorr    .         Harm     .   (no gloves)
MR       .....                  m - +1 pair of boots
Stlth    ..........             (no amulet)
HPRegen  0.17/turn              (no ring)
MPRegen  0.10/turn              (no ring)

@: no status effects
A: permanent stasis, dig shafts and tunnels, four strong arms, antennae 3
a: Dig, Shaft Self


You were on level 4 of the Dungeon.
You were not hungry.

You visited 1 branch of the dungeon, and saw 4 of its levels.

You collected 122 gold pieces.

Inventory:

Hand Weapons
 a - a +0 flail (weapon)
Armour
 b - a +0 scale mail (worn)
 c - a +0 shield (worn)
 m - a +1 pair of boots (worn)
Jewellery
 p - an uncursed ring of ice
 s - an uncursed ring of ice
Scrolls
 g - a scroll of blinking {unknown}
 h - 5 scrolls of remove curse {unknown}
 i - 2 scrolls of fog {unknown}
 k - 2 scrolls of identify {unknown}
 n - a scroll of magic mapping {unknown}
 q - 2 scrolls of enchant weapon {unknown}
 t - a scroll of random uselessness {unknown}
Potions
 e - 2 potions of degeneration {unknown}
 j - 2 potions of mutation {unknown}
 l - a potion of resistance {unknown}
 o - a potion of heal wounds {unknown}
 r - a potion of curing {unknown}
Comestibles
 d - 4 chunks of flesh
 f - 6 rations


   Skills:
 - Level 3.2 Fighting
 * Level 6.1 Maces & Flails
 - Level 3.2 Armour
 + Level 6.0 Shields


You had 6 spell levels left.
You didn't know any spells.

Dungeon Overview and Level Annotations

Branches:
Dungeon (4/15)
 Temple: D:4-7

Altars:
Gozag
Ru

Annotations:
D:4 Verendum's ghost, novice MfIE


Innate Abilities, Weirdness & Mutations

You cannot be hasted, slowed, berserked, paralysed or teleported.
You can dig through walls and to a lower floor.
Your four strong arms can wield two-handed weapons with a shield.
You have a pair of large antennae on your head. (SInv)


Message History

Verendum's ghost lets out a mournful wail.
Verendum's ghost barely misses you.
You sock Verendum's ghost!
Verendum's ghost is severely damaged.
Verendum's ghost points at you and mumbles some strange words.
You are frozen.
You closely miss Verendum's ghost.
Verendum's ghost is severely damaged.
Verendum's ghost gestures at you while chanting.
You are frozen.
* * * LOW HITPOINT WARNING * * *
You hit Verendum's ghost.
Verendum's ghost is almost destroyed.
You block Verendum's ghost's attack. Verendum's ghost hits you.
* * * LOW HITPOINT WARNING * * *
You barely miss Verendum's ghost.
Verendum's ghost is almost destroyed.
Verendum's ghost casts a spell at you.
You are frozen.
You die...

##..)..####.
##..###..##.. #..##
##..... ############.##
###..... #............#
#.......
#..........######....#.#
#..........##......###.#
#.....<..............# #
#......@...............#
#.....W.................
#..>.......###..###.....
#..........# #.## .....
#..........# #.# .....
#......(...# ..# ####
##########.. .## ...


You could see Verendum's ghost.

Vanquished Creatures
  Grinder (D:3)
  An ogre (D:4)
  An orc wizard (D:2)
  3 gnolls (D:2)
  3 adders
  4 worms
  4 dart slugs
  3 leopard geckos
  5 orcs (D:3)
  2 ball pythons (D:3)
  8 goblins
  6 hobgoblins
  6 jackals (D:3)
  4 quokkas
  6 bats
  6 frilled lizards
  8 kobolds
  8 rats
  2 plants (D:1)
81 creatures vanquished.

Notes
Turn   | Place    | Note
-------+----------+-------------------------------------------
     0 | D:1      | xccam the Formicid Fighter began the quest for the Orb.
     0 | D:1      | Reached XP level 1. HP: 18/18 MP: 1/1
   162 | D:1      | Reached XP level 2. HP: 17/24 MP: 2/2
   534 | D:1      | Reached XP level 3. HP: 29/29 MP: 3/3
  1322 | D:2      | Reached XP level 4. HP: 31/35 MP: 4/4
  1403 | D:2      | Found a sacrificial altar of Ru.
  1595 | D:2      | Reached XP level 5. HP: 17/41 MP: 5/5
  1996 | D:2      | Found a faded altar of an unknown god.
  2010 | D:2      | Became a worshipper of Ru the Awakened
  2013 | D:2      | Fell from the grace of Ru
  2687 | D:3      | Noticed Grinder
  2713 | D:3      | Killed Grinder
  2713 | D:3      | Reached skill level 5 in Maces & Flails
  2713 | D:3      | Reached skill level 5 in Shields
  2713 | D:3      | Reached XP level 6. HP: 6/47 MP: 6/6
  3021 | D:3      | Found an opulent altar of Gozag.
  3123 | D:3      | Reached XP level 7. HP: 52/52 MP: 7/7
  3298 | D:4      | Noticed Verendum's ghost (novice MfIE)
  3328 | D:4      | Killed from afar by Verendum's ghost

Skill      XL: |  1  2  3  4  5  6  7 |
---------------+----------------------+-----
Shields        | 4 5 6 |  6.0
Maces & Flails | 3 4 5 6 |  6.1
Fighting       | |  3.2
Armour         | |  3.2

Action                   |  1- 3 |  4- 6 |  7- 9 || total
-------------------------+-------+-------+-------++-------
Melee: Flail             |   133 |   166 |    42 ||   341
Invok: Renounce Religion |       |     1 |       ||     1
  Use: Potion            |       |     1 |       ||     1
 Stab: Invisible         |       |     1 |       ||     1
       Paralysed         |       |     1 |       ||     1
  Eat: Chunk             |     1 |     7 |     1 ||     9
Armor: Scale mail        |    39 |    63 |    12 ||   114
Dodge: Dodged            |    40 |    51 |     8 ||    99
Block: Shield            |    55 |    89 |    24 ||   168
